 Dungeon Crawl Stone Soup version 0.29-a0-284-gf9362112df (webtiles) character file.

Game seed: 7264487280088838824

22 pokeman the Magician (level 2, -2/16 HPs)
             Began as a Deep Elf Hedge Wizard on Mar 26, 2022.
             Slain by a quokka (4 damage)
             ... on level 2 of the Dungeon.
             The game lasted 00:01:42 (1199 turns).

pokeman the Magician (Deep Elf Hedge Wizard)        Turns: 1199, Time: 00:01:43

Health: -2/16      AC:  4    Str:  7    XL:     2   Next: 68%
Magic:  0/10       EV: 11    Int: 18    God:
Gold:   41         SH:  0    Dex: 14    Spells: 10/11 levels left

rFire   . . .      SeeInvis .   b - +0 falchion (vorpal)
rCold   . . .      Faith    .   (no shield)
rNeg    . . .      Spirit   .   h - +0 leather armour
rPois   .          Reflect  .   c - +0 hat
rElec   .          Harm     .   (no cloak)
rCorr   .          Rampage  .   f - +0 pair of gloves
Will    .....                   (no boots)
Stlth   ++........              (no amulet)
HPRegen 0.05/turn               (no ring)
MPRegen 0.12/turn               (no ring)

@: very slightly contaminated
A: no striking features
a: no special abilities


You were on level 2 of the Dungeon.
You visited 1 branch of the dungeon, and saw 2 of its levels.

You collected 41 gold pieces.

Inventory:

Hand Weapons
 b - a +0 vorpal falchion (weapon)
Armour
 c - a +0 hat (worn)
 f - a +0 pair of gloves (worn)
 h - a +0 leather armour (worn)
Scrolls
 i - a scroll of blinking {unknown}
Potions
 a - a potion of heal wounds {unknown}
 d - a potion of magic
 e - a potion of berserk rage {unknown}
 g - 3 potions of curing {unknown}
 j - a potion of flight {unknown}
 k - a potion of brilliance {unknown}


   Skills:
 + Level 0.6 Fighting
 + Level 0.6 Armour
 - Level 2.4 Dodging
 - Level 2.4 Stealth
 * Level 5.0 Spellcasting
 + Level 1.6 Conjurations
 - Level 1.1 Summonings
 - Level 1.1 Translocations


You had 10 spell levels left.
You knew the following spells:

 Your Spells              Type           Power      Damage    Failure   Level
a - Magic Dart            Conj           40%        1d5       10%         1

Your spell library contained the following spells:

 Spells                   Type           Power      Damage    Failure   Level
 Apportation              Tloc           16%        N/A       12%         1
 Summon Small Mammal      Summ           32%        N/A       12%         1
 Animate Skeleton         Necr           8%         N/A       19%         1
 Slow                     Hex            16%        N/A       19%         1
 Blink                    Tloc           16%        N/A       19%         2
 Call Imp                 Summ           8%         N/A       19%         2
 Gell's Gravitas          Tloc           8%         N/A       36%         3
 Lesser Beckoning         Tloc           8%         N/A       36%         3
 Teleport Other           Tloc           8%         N/A       36%         3
 Conjure Flame            Conj/Fire      7%         6-21      38%         3
 Mephitic Cloud           Conj/Pois/Air  6%         N/A       43%         3


Dungeon Overview and Level Annotations

Branches:
Dungeon (2/15)

Altars:


Message History

Unknown command.
You miss the quokka.
The quokka is almost dead.
The quokka bites you but does no damage.
You closely miss the quokka.
The quokka is almost dead.
The quokka closely misses you.
The quokka twitches its whiskers.
The quokka bites you but does no damage.
Casting: Magic Dart (safe; 10% risk of failure)
Confirm with . or Enter, or press ? or * to list all spells.
Aiming: Magic Dart (safe; 10% risk of failure)
Press: ? - help, Shift-Dir - straight line, f/p - quokka
Aim: a quokka (almost dead, 100% to hit)
You miscast Magic Dart.
Nothing appears to happen.
The quokka closely misses you.
You barely miss the quokka.
The quokka is almost dead.
The quokka bites you. The quokka barely misses you.
You miss the quokka.
The quokka is almost dead.
The quokka bites you.
* * * LOW HITPOINT WARNING * * *
You completely miss the quokka.
The quokka is almost dead.
The quokka bites you but does no damage.
The quokka bites you.
* * * LOW HITPOINT WARNING * * *
You hit the quokka but do no damage.
The quokka is almost dead.
The quokka completely misses you.
Casting: Magic Dart (safe; 10% risk of failure)
Confirm with . or Enter, or press ? or * to list all spells.
Aiming: Magic Dart (safe; 10% risk of failure)
Press: ? - help, Shift-Dir - straight line, f/p - quokka
Aim: a quokka (almost dead, 100% to hit)
The magic dart hits the quokka but does no damage.
The quokka is almost dead.
The quokka bites you.
You die...

# . . #########
. #.......# .
.). #.......# #
#..#.......#
.#....>.....#
......r@....#
.......)....#
.##.....####..#
#.##..# . ..
.... .. .##.. .
. ##. . ..


You could see a quokka.

Vanquished Creatures
  A dart slug (D:1)
  A bat (D:1)
  3 endoplasms
  A giant cockroach (D:1)
  A goblin (D:1)
  A hobgoblin (D:1)
  5 kobolds
  3 ball pythons (D:1)
  A frilled lizard (D:1)
  A rat (D:1)
18 creatures vanquished.

Notes
Turn   | Place    | Note
-------+----------+-------------------------------------------
     0 | D:1      | pokeman the Deep Elf Hedge Wizard began the quest for the
                  | Orb.
     0 | D:1      | Reached XP level 1. HP: 10/10 MP: 7/7
    21 | D:1      | Found a faded altar of an unknown god.
   316 | D:1      | Reached XP level 2. HP: 15/15 MP: 3/9
  1182 | D:2      | Reached skill level 5 in Spellcasting
  1199 | D:2      | Slain by a quokka

Illustrated notes

Levels and vault maps discovered:
D:1:      grunt_arrival_crossed_arrows, layout_loops_ring,
          ebering_ecumenical_altar_webs
D:2:      layout_rooms, serial_aquarium, aquarium_bridge_square
          [aquarium_subvault_bridge, aquarium_subvault_window,
          aquarium_subvault_bridge, aquarium_subvault_window],
          aquarium_window_1, aquarium_window_fake, aquarium_window_corner,
          aquarium_window_1, aquarium_view_2c, aquarium_view_2c, basic_altar,
          minmay_misc_feat_diagonals, minmay_close_crescents, uniq_natasha,
          uniq_robin

Skill      XL: |  1  2 |
---------------+-------+-----
Spellcasting   | 5 |  5.0
Fighting       | |  0.6
Armour         | |  0.6
Dodging        | |  2.4
Stealth        | |  2.4
Conjurations   | |  1.6
Summonings     | |  1.1
Translocations | |  1.1

Action                   || total
-------------------------++-------
Melee: Dagger            ||     1
       Falchion          ||     8
 Cast: Magic Dart        ||    47
 Stab: Sleeping          ||     2
Armor: Leather armour    ||     7
Dodge: Dodged            ||     9

Table legend: (Time is in decaauts)
 A = Elapsed time spent in this place.
 B = Non-inter-level travel time spent in this place.
 C = Inter-level travel time spent in this place.
 D = Time resting spent in this place.
 E = Time spent auto-exploring this place.
 F = Levels seen in this place.
 G = Mean time per level.
                   A        B        C        D        E       F      G
               +--------+--------+--------+--------+--------+-----+--------+
         Total |   1201 |   1153 |     48 |      0 |   1003 |   2 |  600.5 |
       Dungeon |   1201 |   1153 |     48 |      0 |   1003 |   2 |  600.5 |
               +--------+--------+--------+--------+--------+-----+--------+

Top non-repeatable levels by time:
     D:1: 1135 daAuts
     D:2: 66 daAuts
